 Dungeon Crawl Stone Soup version 0.29.1-1-gd02db6906a (webtiles) character file.

Game seed: 3157232918090276194

22166 raph the Frost Mage (level 12, -10/94 HPs)
             Began as a Merfolk Ice Elementalist on Oct 22, 2022.
             Was an Initiate of Gozag.
             Mangled by Snorg (20 damage)
             ... on level 5 of the Lair of Beasts.
             The game lasted 00:34:20 (20826 turns).

raph the Frost Mage (Merfolk Ice Elementalist)     Turns: 20826, Time: 00:34:21

Health: -10/94     AC: 16    Str:  8    XL:     12   Next: 97%
Magic:  6/23       EV: 18    Int: 20    God:    Gozag
Gold:   240        SH:  5    Dex: 19    Spells: 9/25 levels left

rFire   . . .      SeeInvis +   a - +2 glaive
rCold   . . .      Faith    .   (shield currently unavailable)
rNeg    + + +      Spirit   .   Q - +0 leather armour of Oreddipe {rElec rN+++ Dex+2 Slay-2}
rPois   .          Reflect  +   d - +2 hat
rElec   +          Harm     .   (no cloak)
rCorr   .          Rampage  .   D - +2 pair of gloves
Will    .....                   n - +0 pair of boots "Jikan" {Dex+3}
Stlth   ++........              G - amulet of reflection
HPRegen 0.25/turn               g - ring of see invisible
MPRegen 0.18/turn               y - ring of flight

@: ice-armoured, freezing walls, flying, studying 2 skills
A: (nimble swimmer 2), mertail
a: Renounce Religion, Potion Petition, Call Merchant, Bribe Branch


You were on level 5 of the Lair of Beasts.
You worshipped Gozag.
Gozag was aware of your devotion.
You visited 2 branches of the dungeon, and saw 14 of its levels.
You also visited: Sewer and Ossuary.

You collected 2654 gold pieces.
You spent 1860 gold pieces at shops.
You paid 554 gold pieces to Gozag.

Inventory:

Hand Weapons
 a - a +2 glaive (weapon)
 c - a +0 short sword
 f - a +0 dagger
 z - a +0 halberd
 N - a +4 dagger
Missiles
 l - 22 poisoned darts
 w - a throwing net
 F - 6 boomerangs of dispersal
Armour
 d - a +2 hat (worn)
 n - the +0 pair of boots "Jikan" (worn) {Dex+3}
   (You found it on level 2 of the Dungeon)

   Dex:       It affects your dexterity (+3).
 q - a +2 robe
 D - a +2 pair of gloves (worn)
 Q - the +0 leather armour of Oreddipe (worn) {rElec rN+++ Dex+2 Slay-2}
   (You found it on level 4 of the Lair of Beasts)

   Dex:       It affects your dexterity (+2).
   Slay:      It affects your accuracy & damage with ranged weapons and melee
   (-2).
   rElec:     It insulates you from electricity.
   rN:        It renders you almost immune to negative energy.
Magical Staves
 b - a staff of conjuration
Jewellery
 g - a ring of see invisible (left hand)
 y - a ring of flight (right hand)
 G - an amulet of reflection (around neck)
 L - a ring of protection from cold
Wands
 h - a wand of flame (30)
 A - a wand of digging (8)
 O - a wand of mindburst (4)
 P - a wand of polymorph (6)
Scrolls
 e - 3 scrolls of poison
 o - 3 scrolls of blinking
 r - 2 scrolls of torment
 s - 7 scrolls of teleportation
 t - 4 scrolls of fear
 u - 2 scrolls of immolation
 x - 2 scrolls of magic mapping
 H - a scroll of amnesia
 J - 4 scrolls of identify
Potions
 i - 2 potions of heal wounds
 j - 2 potions of haste
 k - 5 potions of lignification
 m - 6 potions of curing
 p - 5 potions of attraction
 v - 3 potions of might
 B - 8 potions of flight
 C - 3 potions of mutation
 E - 3 potions of brilliance
 I - 2 potions of cancellation
Miscellaneous
 K - a phial of floods (inert)
 M - a lightning rod (4/4)


   Skills:
 - Level 8.6 Fighting
 + Level 5.0 Polearms
 - Level 10.6 Dodging
 - Level 3.5 Stealth
 - Level 7.4 Spellcasting
 - Level 8.7 Conjurations
 - Level 4.1 Hexes
 - Level 12.7 Ice Magic
 * Level 6.0 Poison Magic


You had 9 spell levels left.
You knew the following spells:

 Your Spells              Type           Power      Damage    Failure   Level
a - Freeze                Ice            100%       1d11      1%          1
b - Frozen Ramparts       Ice            100%       1d16      1%          3
c - Ozocubu's Armour      Ice            55%        N/A       1%          3
d - Hailstorm             Conj/Ice       50%        3d11      1%          4
e - Summon Small Mammal   Summ           28%        N/A       13%         1
g - Olgreb's Toxic Radia  Pois           31%        N/A       11%         4

Your spell library contained the following spells:

 Spells                   Type           Power      Damage    Failure   Level
 Ensorcelled Hibernation  Hex/Ice        82%        N/A       1%          2
 Shock                    Conj/Air       100%       1d9       2%          1
 Sting                    Tmut/Pois      76%        1d6       3%          1
 Static Discharge         Conj/Air       25%        3-7/arc   3%          2
 Poisonous Vapours        Pois/Air       38%        N/A       6%          2
 Apportation              Tloc           14%        N/A       13%         1
 Necrotise                Necr           28%        1d5       13%         1
 Passwall                 Tmut/Erth      5%         N/A       21%         2
 Gell's Gravitas          Tloc           7%         N/A       36%         3
 Swiftness                Air            7%         N/A       36%         3
 Teleport Other           Tloc           7%         N/A       36%         3
 Vampiric Draining        Necr           7%         2d6       36%         3
 Lightning Bolt           Conj/Air       12%        1d26      52%         5
 Airstrike                Air            3%         2d(1-17)  78%         4
 Summon Lightning Spire   Summ/Air       7%         N/A       78%         4
 Agony                    Necr           7%         N/A       98%         5
 Dispersal                Tloc           3%         N/A       100%        6
 Maxwell's Capacitive Co  Air            3%         ∞         100%        8
 Corpse Rot               Necr/Pois/Air  Unusable   N/A       N/A         4

Dungeon Overview and Level Annotations

Branches:
Dungeon (9/15)             Temple (0/1) D:5            Lair (5/5) D:8
  Swamp (0/4) Lair:3       Spider (0/4) Lair:3        Sewer (visited)
Ossuary (visited)
  Slime: Lair:4-5       Orc: D:9-12

Altars:
Ashenzari
Fedhas
Gozag
Makhleb
Nemelex Xobeh
Qazlal
Vehumet
Wu Jian
Xom
Yredelemnul

Shops:
D:5 :   Lair:3 :

Annotations:
Lair:1 2 transporters, Tonuilac's ghost, journeyman DsEn
Lair:4 1 runed translucent door, exclusion: oklob plant, Ceyroiss's ghost, journeyman HuWn
Lair:5 Snorg


Innate Abilities, Weirdness & Mutations

((You are very nimble when in or above water. (Stealth+, EV+, Speed+++)))
Your lower body shifts to a powerful aquatic tail in water.


Message History

Confirm with . or Enter, or press ? or * to list all spells.
Your icy armour thickens.
The wall freezes Snorg!
Snorg bites you.
* * * LOW HITPOINT WARNING * * *
Snorg closely misses you. Snorg barely misses you.
The wall freezes Snorg!
Snorg misses you. Snorg claws you but does no damage.
Snorg completely misses you.
Unknown command.
Blink to where?
Press: ? - help, Dir - move target, p - Snorg Your icy armour and frozen ramparts will break if you move.
Continue?
Your icy armour cracks and falls away as you move.
The frozen ramparts melt away as you move.
As you read the scroll of blinking, it crumbles to dust.
Aiming: Throw Flame
Press: ? - help, Shift-Dir - straight line, f - Snorg
Aim: Snorg (translocational energy, severely wounded, berserk, 68% to hit)
The puff of flame hits Snorg!
Snorg is severely wounded.
Snorg rages.
Aiming: Throw Flame
Press: ? - help, Shift-Dir - straight line, f/p - Snorg
Aim: Snorg (severely wounded, berserk, 68% to hit)
The puff of flame misses Snorg.
Aiming: Throw Flame
Press: ? - help, Shift-Dir - straight line, f/p - Snorg
Aim: Snorg (severely wounded, berserk, 68% to hit)
The puff of flame hits Snorg.
Snorg is severely wounded.
Casting: Ozocubu's Armour (safe; 1% risk of failure)
Confirm with . or Enter, or press ? or * to list all spells.
Casting: Frozen Ramparts (safe; 1% risk of failure)
Press: ? - help, Dir - look around, f - activate The walls around you are covered in ice.
The wall freezes Snorg. x2; Snorg completely misses you.
Snorg closely misses you. Snorg barely misses you.
Casting: Frozen Ramparts (safe; 1% risk of failure)
Confirm with . or Enter, or press ? or * to list all spells.
A film of ice covers your body!
The wall freezes Snorg!
Snorg bites you!!
You die...
Your body crumbles into a pile of gold.

### # #### ### ### ##.#
..##...##.###.######.##
..............T@.....##
.............#.#.....P#
#......###.#.#...## ###
###...###.+.##.#..#
##..# ##...###......#..#
...).##[...##.........##
.....<.....#......P...#
.....#.....####.#.##P.#
..#..###...P#########.#


You could see Snorg (berserk).

Vanquished Creatures
  3 hydras
  A catoblepas (Lair:2)
  3 death yaks (Lair:2)
  4 elephants (Lair:2)
  3 black mambas
  4 cane toads
  3 komodo dragons
  5 polar bears
  Sigmund (D:2)
  2 jumping spiders (Lair:3)
  A shadow (D:5)
  2 culicivoras (Lair:3)
  31 yaks
  A wyvern (D:9)
  A steam dragon (D:7)
  2 redbacks (Lair:3)
  A basilisk (Lair:3)
  Duvessa (D:6)
  15 water moccasins
  2 sky beasts
  A swamp drake (Lair:3)
  2 orc warriors
  2 black bears
  An ogre (D:6)
  5 wolves (Lair:1)
  2 centaurs
  A phantom (D:5)
  8 elf zombies (Ossuary)
  2 kobold brigands (D:8)
  7 bullfrogs
  A gnoll sergeant (D:8)
  2 necrophages
  3 scorpions
  3 wights (D:6)
  Dowan (D:6)
  11 killer bees (D:9)
  3 howler monkeys
  3 centaur zombies (Ossuary)
  8 orc priests
  4 hounds
  3 jellies
  A human zombie (Ossuary)
  Jessica (D:2)
  5 iguanas
  5 orc wizards
  4 mummies
  9 gnolls
  11 adders
  6 river rats (Sewer)
  2 shadow imps
  4 worms
  14 orcs
  20 bats
  3 endoplasms
  5 giant cockroaches
  3 hobgoblins (D:3)
  7 jackals
  9 kobolds
  7 quokkas
  5 ball pythons
  3 frilled lizards
  7 goblins
  An orc zombie (D:6)
  6 rats
  A butterfly (D:5)
298 creatures vanquished.

Vanquished Creatures (collateral kills)
  A cane toad (Lair:3)
  An iguana (Lair:3)
2 creatures vanquished.

Vanquished Creatures (others)
  20 fungi
  17 plants
37 creatures vanquished.

Grand Total: 337 creatures vanquished

Notes
Turn   | Place    | Note
-------+----------+-------------------------------------------
     0 | D:1      | raph the Merfolk Ice Elementalist began the quest for the
                  | Orb.
     0 | D:1      | Reached XP level 1. HP: 13/13 MP: 3/3
   148 | D:1      | Reached XP level 2. HP: 7/19 MP: 0/5
   581 | D:1      | Reached skill level 5 in Ice Magic
  1411 | D:2      | Found a faded altar of an unknown god.
  1446 | D:2      | Noticed Jessica
  1589 | D:2      | Identified the +0 pair of boots "Jikan" {Dex+3}
  1656 | D:3      | Found a glowing drain.
  1664 | D:3      | Reached XP level 3. HP: 24/24 MP: 3/6
  1701 | Sewer    | Entered a sewer
  1755 | Sewer    | Learned a level 3 spell: Frozen Ramparts
  2054 | Sewer    | Reached skill level 6 in Ice Magic
  2081 | Sewer    | Reached XP level 4. HP: 19/30 MP: 1/7
  2762 | Sewer    | Learned a level 3 spell: Ozocubu's Armour
  3096 | Sewer    | Reached XP level 5. HP: 35/35 MP: 4/8
  3164 | Sewer    | Reached skill level 7 in Ice Magic
  4088 | D:2      | Reached XP level 6. HP: 37/41 MP: 3/9
  4183 | D:2      | Noticed Sigmund
  4198 | D:2      | Killed Sigmund
  4199 | D:2      | Reached skill level 8 in Ice Magic
  4547 | D:2      | Killed Jessica
  4548 | D:2      | Reached XP level 7. HP: 43/46 MP: 3/10
  4959 | D:3      | Reached skill level 9 in Ice Magic
  5912 | D:5      | Entered Level 5 of the Dungeon
  5915 | D:5      | Noticed a shadow
  5938 | D:5      | Found Hixaluc's Self-Improvement Boutique.
  6164 | D:5      | Found a sparkling altar of Nemelex Xobeh.
  6164 | D:5      | Found an opulent altar of Gozag.
  6233 | D:5      | Became a worshipper of Gozag Ym Sagoz the Greedy
  6246 | D:5      | Reached skill level 1 in Fighting
  6265 | D:5      | Killed a shadow
  6266 | D:5      | Reached XP level 8. HP: 56/56 MP: 9/12
  6582 | D:5      | Found a shimmering altar of Xom.
  6739 | D:5      | Found a staircase to the Ecumenical Temple.
  6809 | D:5      | Reached skill level 10 in Ice Magic
  6866 | D:4      | Learned a level 4 spell: Hailstorm
  7371 | D:6      | Noticed Duvessa
  7371 | D:6      | Noticed Dowan
  7380 | D:6      | Reached skill level 1 in Conjurations
  7385 | D:6      | Killed Dowan
  7386 | D:6      | Reached skill level 5 in Dodging
  7390 | D:6      | Killed Duvessa
  7753 | D:6      | Found a sand-covered staircase.
  7765 | D:6      | Reached XP level 9. HP: 57/65 MP: 11/14
  7772 | Ossuary  | Entered an ossuary
  8924 | D:6      | Found a blossoming altar of Fedhas.
  9689 | D:7      | Found a stormy altar of Qazlal.
  9887 | D:7      | Reached skill level 5 in Fighting
 10148 | D:7      | Reached XP level 10. HP: 74/74 MP: 13/17
 10552 | D:8      | Found a basalt altar of Yredelemnul.
 10656 | D:8      | Reached skill level 5 in Spellcasting
 10656 | D:8      | Reached skill level 11 in Ice Magic
 10817 | D:8      | Found a radiant altar of Vehumet.
 11020 | D:8      | Found a staircase to the Lair.
 11159 | D:8      | Reached skill level 5 in Conjurations
 11436 | D:8      | Found a burning altar of Makhleb.
 11507 | D:8      | Noticed a cacodemon
 11510 | D:8      | Noticed an orange demon
 11790 | D:9      | Learned a level 1 spell: Summon Small Mammal
 12029 | D:9      | Found a broken altar of Ashenzari.
 12201 | D:9      | Found an ornate altar of the Wu Jian Council.
 12471 | Lair:1   | Entered Level 1 of the Lair of Beasts
 12975 | Lair:1   | Noticed a cane toad
 12975 | Lair:1   | Noticed a cane toad
 12976 | Lair:1   | Noticed a seven-headed hydra
 12977 | Lair:1   | Noticed Tonuilac's ghost (journeyman DsEn)
 13090 | Lair:1   | Reached XP level 11. HP: 75/83 MP: 9/19
 13438 | Lair:1   | Learned a level 2 spell: Ensorcelled Hibernation
 13460 | Lair:1   | Found a transporter.
 13470 | Lair:1   | Found a transporter.
 14217 | Lair:2   | Noticed a catoblepas
 14227 | Lair:2   | Reached skill level 1 in Hexes
 14229 | Lair:2   | Killed a catoblepas
 14445 | Lair:2   | Reached skill level 12 in Ice Magic
 15445 | Lair:2   | Noticed a six-headed hydra
 15463 | Lair:2   | Killed a six-headed hydra
 15468 | Lair:2   | Reached XP level 12. HP: 75/92 MP: 10/22
 15595 | Lair:2   | Noticed a death yak
 15595 | Lair:2   | Noticed a death yak
 15596 | Lair:2   | Noticed a death yak
 15975 | Lair:2   | Reached skill level 10 in Dodging
 16733 | Lair:2   | Noticed a seven-headed hydra
 16777 | Lair:2   | Killed a death yak
 16778 | Lair:2   | Killed a death yak
 16779 | Lair:2   | Killed a death yak
 17941 | Lair:3   | Noticed a four-headed hydra
 17950 | Lair:3   | Killed a four-headed hydra
 17967 | Lair:3   | Found a staircase to the Swamp.
 18325 | Lair:3   | Found a hole to the Spider Nest.
 18471 | Lair:3   | Bought a Young Poisoner's Handbook for 260 gold pieces
 18476 | Lair:3   | Learned a level 4 spell: Olgreb's Toxic Radiance
 18653 | D:5      | Bought a manual of Poison Magic for 800 gold pieces
 18653 | D:5      | Bought a manual of Polearms for 800 gold pieces
 18936 | Lair:3   | Reached skill level 1 in Polearms
 18936 | Lair:3   | Reached skill level 1 in Poison Magic
 19520 | Lair:4   | Found a runed translucent door.
 19521 | Lair:4   | Noticed Ceyroiss's ghost (journeyman HuWn)
 19521 | Lair:4   | Noticed a boulder beetle
 19684 | Lair:4   | Identified the +0 leather armour of Oreddipe {rElec rN+++
                  | Dex+2 Slay-2}
 20271 | Lair:5   | Entered Level 5 of the Lair of Beasts
 20386 | Lair:5   | Noticed a death yak
 20386 | Lair:5   | Noticed a death yak
 20387 | Lair:5   | Noticed a death yak
 20387 | Lair:5   | Noticed a death yak
 20388 | Lair:5   | Noticed a death yak
 20664 | Lair:5   | Noticed a four-headed hydra
 20672 | Lair:5   | Killed a four-headed hydra
 20673 | Lair:5   | Reached skill level 5 in Poison Magic
 20758 | Lair:5   | Reached skill level 5 in Polearms
 20805 | Lair:5   | Noticed Snorg
 20826 | Lair:5   | Mangled by Snorg

Illustrated notes

Levels and vault maps discovered:
D:1:      nzn_arrival_depleted_hourglass, layout_loops_corners
D:2:      layout_rooms, shapermc_ecumenical_altar_ellora, uniq_sigmund,
          uniq_jessica
D:3:      layout_rooms, cheibrodos_sewer_entry_sluice, st_stairs_5,
          eino_tiny_chamber
D:4:      layout_rooms, minivault_11
D:5:      layout_gridville, grunt_temple_overflow_opulence, xom_butterflies,
          temple_doors_e, nicolae_shop_self_help
D:6:      layout_loops_ring, fedhas_altar_1, nicolae_ossuary_entry_giza,
          uniq_duvessa
D:7:      layout_loops_ring, mainiacjoe_overflow_alcove_2
D:8:      layout_loops_ring, makhleb_altar_promises_db, fiery_altar_vehumet,
          mainiacjoe_overflow_paths, dpeg_oklobed_lair, blue_anna_alchemist
D:9:      layout_long_grid, nzn_wu_jian_contemplation, ashenzari_altar_1
Lair:1:   layout_long_grid, gammafunk_ghost_arena
Lair:2:   nzn_winding_woodlands_cross [nzn_winding_woodlands_5x15_split_checker,
          nzn_winding_woodlands_5x15_jagged, nzn_winding_woodlands_5x15_default,
          nzn_winding_woodlands_5x15_sawtooth,
          nzn_winding_woodlands_15x15_thick_spiral], layout_cave_pods
Lair:3:   layout_loops_ring, minmay_swamp_entry_reptiles,
          nicolae_spider_entry_tight_spaces, infiniplex_staircase_pool_2,
          grunt_megastairs_5
Lair:4:   layout_regular_city, ebering_ghost_inner_flame, minivault_26,
          serial_bayou_shore_b, serial_bayou_shore_a, serial_bayou_shore_b
Lair:5:   evilmike_catoblepas_cave, layout_regular_city, slime_entry_1,
          hibernation_bobbens, uniq_snorg

Skill      XL: |  1  2  3  4  5  6  7  8  9 10 11 12 |
---------------+-------------------------------------+-----
Ice Magic      | 5 6 7 8 9 10 11 12 | 12.7
Dodging        | 4 5 7 8 9 10 | 10.6
Fighting       | 2 3 5 6 7 8 |  8.6
Spellcasting   | 3 4 5 6 7 |  7.4
Conjurations   | 2 4 6 7 8 |  8.7
Hexes          | 2 4 |  4.1
Stealth        | 3 |  3.5
Polearms       | 5 |  5.0
Poison Magic   | 6 |  6.0

Action                   |  1- 3 |  4- 6 |  7- 9 | 10-12 || total
-------------------------+-------+-------+-------+-------++-------
Melee: Short sword       |    11 |       |       |       ||    11
       Dagger            |    26 |    43 |   366 |   226 ||   661
       Punch             |     1 |     1 |    14 |     3 ||    19
       Tailslap          |     1 |       |       |       ||     1
       Staff             |       |       |     3 |       ||     3
       Glaive            |       |       |       |    35 ||    35
 Cast: Freeze            |    37 |    26 |     7 |    78 ||   148
       Frozen Ramparts   |     2 |    21 |    45 |    72 ||   140
       Ozocubu's Armour  |       |     2 |    16 |    38 ||    56
       Hailstorm         |       |       |    17 |    25 ||    42
       Olgreb's Toxic Ra |       |       |       |     1 ||     1
Invok: Call Merchant     |       |       |       |     1 ||     1
Evoke: Wand              |       |       |       |     3 ||     3
       Phial of floods   |       |       |       |     1 ||     1
  Use: Scroll            |     2 |     3 |    15 |     9 ||    29
       Potion            |       |     1 |     1 |     2 ||     4
 Stab: Sleeping          |     4 |       |     1 |     3 ||     8
       Distracted        |       |       |       |     1 ||     1
Armor: Robe              |    20 |    28 |   138 |   167 ||   353
       Skin              |       |       |    10 |       ||    10
       Leather armour    |       |       |       |    13 ||    13
Dodge: Dodged            |    68 |    81 |   234 |   381 ||   764
Block: Other             |       |       |       |    97 ||    97
       Reflection        |       |       |       |     2 ||     2
